 Dungeon Crawl Stone Soup version 0.28.0 (webtiles) character file.

Game seed: 15287360200800762372

218 browni3141 the Chopper (level 5, 0/43 HPs)
             Began as a Minotaur Berserker on Feb 15, 2022.
             Was a Believer of Trog.
             Succumbed to a scorpion's poison
             ... on level 4 of the Dungeon.
             The game lasted 00:01:32 (3708 turns).

browni3141 the Chopper (Minotaur Berserker)         Turns: 3708, Time: 00:01:33

Health: 0/43       AC:  2    Str: 23    XL:     5   Next: 63%
Magic:  13/13      EV: 12    Int:  6    God:    Trog [**....]
Gold:   141        SH:  0    Dex: 10    Spells: 4/4 levels left

rFire   . . .      SeeInvis .   a - +0 hand axe
rCold   + . .      Faith    .   (no shield)
rNeg    . . .      Spirit   .   b - +0 animal skin
rPois   .          Reflect  .   (helmet unavailable)
rElec   .          Harm     .   (no cloak)
rCorr   .          Rampage  .   (no gloves)
Will    ++...                   (no boots)
Stlth   +.........              (no amulet)
HPRegen 1.14/turn               m - ring of protection from cold
MPRegen 0.13/turn               p - ring of magical power

@: lethally poisoned (0 -> -1), strong-willed, on berserk cooldown,
regenerating, slowed, very slow
A: horns 3, retaliatory headbutt, clever 1, frail 1
a: Renounce Religion, Berserk, Trog's Hand


You were on level 4 of the Dungeon.
You worshipped Trog.
Trog was pleased with you.
You visited 1 branch of the dungeon, and saw 4 of its levels.

You collected 141 gold pieces.

Inventory:

Hand Weapons
 a - a +0 hand axe (weapon)
Armour
 b - a +0 animal skin (worn)
Jewellery
 m - a ring of protection from cold (left hand)
 p - a ring of magical power (right hand)
Scrolls
 c - 2 scrolls of magic mapping {unknown}
 d - 2 scrolls of teleportation {unknown}
 e - a scroll of holy word {unknown}
 f - a scroll of enchant armour {unknown}
 g - 3 scrolls of identify {unknown}
 h - a scroll of enchant weapon {unknown}
 i - 3 scrolls of blinking {unknown}
 k - a scroll of amnesia {unknown}
Potions
 j - a potion of mutation
 l - a potion of curing {unknown}
 n - a potion of might {unknown}
 o - a potion of haste {unknown}
 q - a potion of resistance {unknown}
 r - a potion of flight {unknown}


   Skills:
 + Level 5.0 Fighting
 + Level 5.0 Axes
 + Level 4.1 Armour
 + Level 3.7 Dodging


You had 4 spell levels left.
You didn't know any spells.
Your spell library was empty.

Dungeon Overview and Level Annotations

Branches:
Dungeon (4/15)
 Temple: D:4-7

Altars:
Sif Muna


Innate Abilities, Weirdness & Mutations

You have a pair of large horns on your head.
You reflexively headbutt those who attack you in melee.
Your mind is acute. (Int +2)
You are frail. (-10% HP)


Message History

You feel very sick. The scorpion closely misses you.
You barely miss the scorpion. You headbutt the scorpion.
You kill the scorpion!
Trog accepts your kill.
* * * LOW HITPOINT WARNING * * *
You feel very sick.
Your Fighting skill increases to level 5!
Your Axes skill increases to level 5!
Your Armour skill increases to level 4!
You are too injured to fight recklessly!
* * * LOW HITPOINT WARNING * * *
You feel very sick.
You are too injured to fight recklessly!
Your skin crawls.
You feel strong-willed.
* * * LOW HITPOINT WARNING * * *
You feel very sick.
A red film seems to cover your vision as you go berserk!
You feel yourself moving faster!
You feel mighty!
* * * LOW HITPOINT WARNING * * *
You feel sick.
You feel a strong urge to attack something.
* * * LOW HITPOINT WARNING * * *
You feel sick.
You start resting.
* * * LOW HITPOINT WARNING * * *
You feel sick.
You start resting.
You feel your anger nearly subside.
You are no longer berserk.
You are exhausted.
You feel yourself slow down.
* * * LOW HITPOINT WARNING * * *
You feel sick.
There is a lethal amount of poison in your body!
There is a lethal amount of poison in your body!
There is a lethal amount of poison in your body!
Unknown command.
It was a potion of mutation.
You feel extremely strange. The horns on your head grow some more.
You feel frail.
You feel clever.
You die...

#.# #..#
...###########
....#......>#.
#.....<.....#
##............
##.............
#......@.......
#..............
###............
###..........
#########.. .


There were no monsters in sight!

Vanquished Creatures
  A scorpion (D:4)
  A hound (D:3)
  An iguana (D:3)
  2 adders
  An ufetubus (D:4)
  A worm (D:3)
  4 dart slugs (D:1)
  4 orcs (D:3)
  4 endoplasms
  2 giant cockroaches
  7 goblins (D:1)
  2 hobgoblins (D:1)
  14 kobolds
  2 quokkas (D:1)
  2 ball pythons
  14 bats
  2 frilled lizards
  7 rats
71 creatures vanquished.

Vanquished Creatures (others)
  A frilled lizard (D:1)
1 creature vanquished.

Grand Total: 72 creatures vanquished

Notes
Turn   | Place    | Note
-------+----------+-------------------------------------------
     0 | D:1      | browni3141 the Minotaur Berserker began the quest for the
                  | Orb.
     0 | D:1      | Reached XP level 1. HP: 19/19 MP: 0/0
   282 | D:1      | Reached XP level 2. HP: 24/27 MP: 1/1
   983 | D:1      | Reached XP level 3. HP: 33/33 MP: 2/2
  1001 | D:1      | Reached ** piety under Trog
  2597 | D:3      | Reached XP level 4. HP: 26/41 MP: 3/3
  3184 | D:3      | Found a shimmering blue altar of Sif Muna.
  3558 | D:3      | Reached XP level 5. HP: 38/47 MP: 4/4
  3702 | D:4      | Reached skill level 5 in Fighting
  3702 | D:4      | Reached skill level 5 in Axes
  3703 | D:4      | HP: 2/48 [poisoned by a scorpion]
  3708 | D:4      | Gained mutation: You have a pair of large horns on your
                  | head. [potion of mutation]
  3708 | D:4      | Gained mutation: You are frail. (-10% HP) [potion of
                  | mutation]
  3708 | D:4      | Gained mutation: Your mind is acute. (Int +2) [potion of
                  | mutation]
  3708 | D:4      | Succumbed to a scorpion's poison

Illustrated notes

Levels and vault maps discovered:
D:1:      shiori_arrival_maze, layout_loops_ring, minmay_heptomino_h4
D:2:      layout_loops_ring, hangedman_decor_push
D:3:      layout_basic, mainiacjoe_overflow_alcove_4, roderic_batcave
D:4:      layout_cave_pods, nicolae_overflow_crystal_walls

Skill      XL: |  1  2  3  4  5 |
---------------+----------------+-----
Axes           | 4 5 |  5.0
Fighting       | 4 5 |  5.0
Armour         | 3 4 |  4.1
Dodging        | 3 |  3.7

Action                   |  1- 3 |  4- 6 || total
-------------------------+-------+-------++-------
Melee: Hand axe          |   115 |    49 ||   164
       Headbutt          |    12 |    10 ||    22
       Punch             |     2 |       ||     2
Invok: Berserk           |       |     2 ||     2
       Trog's Hand       |       |     1 ||     1
  Use: Potion            |       |     1 ||     1
 Stab: Sleeping          |     2 |       ||     2
Armor: Animal skin       |    15 |    11 ||    26
Dodge: Dodged            |    69 |    32 ||   101
